 Dungeon Crawl Stone Soup version 0.28.0-53-g5a82cb258f (webtiles) character file.

Game seed: 10618583570399632380

82 gobodom the Conjurer (level 4, -2/27 HPs)
             Began as an Octopode Conjurer on June 22, 2022.
             Killed by nerve-wracking pain
             ... invoked by Grinder
              (14 damage)
             ... while paralysed by Grinder
             ... on level 3 of the Dungeon.
             The game lasted 00:06:35 (2688 turns).

gobodom the Conjurer (Octopode Conjurer)            Turns: 2688, Time: 00:06:36

Health: -2/27      AC:  1    Str:  8    XL:     4   Next: 43%
Magic:  8/8        EV:  2    Int: 20    God:
Gold:   63         SH:  0    Dex: 10    Spells: 7/8 levels left

rFire   . . .      SeeInvis .   f - +1 hand axe (vamp)
rCold   . . .      Faith    .   (no shield)
rNeg    . . .      Spirit   .   (helmet restricted)
rPois   .          Reflect  .   (no amulet)
rElec   .          Harm     .   (no ring)
rCorr   .          Rampage  .   (no ring)
Will    .....                   (no ring)
Stlth   +++.......              (no ring)
HPRegen 0.09/turn               (no ring)
MPRegen 0.11/turn               (no ring)
                                (no ring)
                                (no ring)

@: paralysed
A: almost no armour, amphibious, 8 rings, camouflage 1, gelatinous body 1,
(nimble swimmer 1), tentacles
a: no special abilities


You were on level 3 of the Dungeon.
You visited 1 branch of the dungeon, and saw 3 of its levels.

You collected 63 gold pieces.

Inventory:

Hand Weapons
 f - a +1 vampiric hand axe (weapon)
Missiles
 e - 4 curare-tipped darts
Potions
 a - a potion of heal wounds
 b - a potion of attraction {unknown}
 c - 2 potions of brilliance {unknown}
 d - a potion of lignification {unknown}


   Skills:
 + Level 2.2 Dodging
 + Level 3.3 Stealth
 + Level 2.9 Spellcasting
 + Level 4.9 Conjurations


You had 7 spell levels left.
You knew the following spells:

 Your Spells              Type           Power      Damage    Failure   Level
a - Magic Dart            Conj           88%        1d7       1%          1

Your spell library contained the following spells:

 Spells                   Type           Power      Damage    Failure   Level
 Searing Ray              Conj           44%        2d6       2%          2
 Dazzling Flash           Conj/Hex       24%        N/A       16%         3
 Fulminant Prism          Conj/Hex       6%         3d7       45%         4
 Iskenderun's Mystic Bla  Conj/Tloc      12%        2d5       45%         4


Dungeon Overview and Level Annotations

Branches:
Dungeon (3/15)

Altars:

Shops:
D:2 [

Annotations:
D:3 Grinder, Robin


Innate Abilities, Weirdness & Mutations

You cannot wear most types of armour.
You are amphibious.
You can wear up to eight rings at the same time.
Your skin changes colour to match your surroundings (Stealth+).
Your rubbery body absorbs attacks. (AC +1, EV +1)
((You are camouflaged when in or above water. (Stealth+)))
You have tentacles for arms and can constrict up to eight enemies at once.


Message History

You kill the jackal!
You start resting.
Magic restored.
You start resting.
HP restored.
There is a stone staircase leading down here.
You climb downwards.
Level annotation: Robin
Found an escape hatch in the floor.
There is a stone staircase leading up here.
A kobold comes into view. It is wielding a +0 whip.
A ball python comes into view.
The magic dart hits the kobold!
You kill the kobold!
Found an escape hatch in the ceiling.
The magic dart hits the ball python!
You kill the ball python!
Found 8 bolts.
Things that are here:
a +0 whip; 2 stones; a kobold corpse You see here a ball python corpse.
Grinder comes into view.
Found a stone staircase leading down.
Grinder shouts!
Grinder gestures at you. You resist with significant effort.
You hit Grinder. Your grab misses Grinder. You squeeze Grinder.
Grinder is lightly wounded.
Grinder hits you!
You writhe in agony.
Grinder hits you.
You hit Grinder. You grab Grinder.
Grinder is moderately wounded.
You constrict Grinder, but do no damage.
Grinder gestures at you.
You suddenly lose the ability to move!
You lose your grip on Grinder.
Grinder hits you.
Grinder blinks!
Grinder gestures at you. Pain shoots through your body!
Ouch! That really hurt!
You die...

###### .....#
.....###########
.....#.........######...
.....#.........#@..>.5..
.....#.........#.#######
..)†...........#.#
.................#
......##.######..#
.........# #..#
.#######.######...# .#
#.....###..# .# #.###.#
#...


You could see Grinder.

Vanquished Creatures
  3 adders (D:2)
  2 dart slugs
  7 ball pythons
  3 endoplasms (D:1)
  3 giant cockroaches
  6 goblins
  3 hobgoblins (D:2)
  3 jackals
  3 kobolds
  A quokka (D:1)
  9 bats
  2 frilled lizards (D:1)
  4 rats
49 creatures vanquished.

Notes
Turn   | Place    | Note
-------+----------+-------------------------------------------
     0 | D:1      | gobodom the Octopode Conjurer began the quest for the Orb.
     0 | D:1      | Reached XP level 1. HP: 11/11 MP: 3/3
   263 | D:1      | Reached XP level 2. HP: 17/17 MP: 0/5
   942 | D:1      | Reached XP level 3. HP: 21/21 MP: 2/6
  1637 | D:2      | Found Itriaxac's Antique Armour Shop.
  1662 | D:2      | Reached XP level 4. HP: 27/27 MP: 1/8
  2482 | D:3      | Noticed Robin
  2681 | D:3      | Noticed Grinder
  2684 | D:3      | Paralysed by Grinder for 6 turns
  2688 | D:3      | Killed from afar by Grinder

Illustrated notes

Levels and vault maps discovered:
D:1:      minmay_arrival_hallway, layout_basic, nrook_mini_vaults
D:2:      layout_basic, serial_shops, shop
D:3:      layout_rooms, hellmonk_ecumenical_altar_prayer_group, uniq_grinder,
          uniq_robin

Skill      XL: |  1 |
---------------+----+-----
Stealth        | 3 |  3.3
Dodging        | |  2.2
Spellcasting   | |  2.9
Conjurations   | |  4.9

Action                   |  1- 3 |  4- 6 || total
-------------------------+-------+-------++-------
Melee: Unarmed           |    13 |     2 ||    15
       Constrict         |     3 |     5 ||     8
       Tentacles         |     2 |     2 ||     4
       Hand axe          |       |    13 ||    13
 Cast: Magic Dart        |    63 |    22 ||    85
  Use: Scroll            |       |     2 ||     2
Armor: Skin              |     3 |     2 ||     5
Dodge: Dodged            |    10 |    10 ||    20
